 Dungeon Crawl Stone Soup version 0.29-a0-284-gf9362112df (webtiles) character file.

Game seed: 5479968723729536692

3374 pokeman the Thaumaturge (level 9, -2/50 HPs)
             Began as a Deep Elf Hedge Wizard on Mar 20, 2022.
             Was a Follower of Vehumet.
             Slain by a vampire mosquito (7 damage)
             ... on level 7 of the Dungeon.
             The game lasted 00:23:25 (8969 turns).

pokeman the Thaumaturge (Deep Elf Hedge Wizard)     Turns: 8969, Time: 00:23:26

Health: -2/50      AC:  9    Str:  7    XL:     9   Next: 74%
Magic:  24/35      EV: 12    Int: 27    God:    Vehumet [*.....]
Gold:   254        SH:  0    Dex: 14    Spells: 16/31 levels left

rFire   + . .      SeeInvis .   K - +0 dagger (venom)
rCold   x . .      Faith    .   (no shield)
rNeg    . . .      Spirit   .   o - +1 leather armour of Patience {rPois}
rPois   +          Reflect  .   E - +1 helmet {Int+3}
rElec   .          Harm     .   H - +0 cloak
rCorr   .          Rampage  .   m - +0 pair of gloves
Will    .....                   L - +0 pair of boots
Stlth   ++........              (no amulet)
HPRegen 0.16/turn               A - ring of magical power
MPRegen 0.24/turn               p - ring of fire

@: on blink cooldown, very slightly contaminated
A: no striking features
a: Renounce Religion


You were on level 7 of the Dungeon.
You worshipped Vehumet.
Vehumet was aware of your devotion.
You visited 2 branches of the dungeon, and saw 9 of its levels.

You collected 456 gold pieces.
You spent 202 gold pieces at shops.

Inventory:

Hand Weapons
 G - a +4 quarterstaff of chaos
 K - a +0 dagger of venom (weapon)
Missiles
 M - 2 throwing nets
Armour
 m - a +0 pair of gloves (worn)
 o - the +1 leather armour of Patience (worn) {rPois}
   (You took it off an orc on level 3 of the Dungeon)

   rPois:     It protects you from poison.
 w - the +1 ring mail "Qikun" {rF+++ Will-}
   (You found it on level 4 of the Dungeon)

   rF:        It renders you almost immune to fire.
   Will:      It decreases your willpower.
 E - a +1 helmet of intelligence (worn)
 H - a +0 cloak (worn)
 J - the +1 leather armour "Rimeinge" {rElec}
   (You found it on level 6 of the Dungeon)

   rElec:     It insulates you from electricity.
 L - a +0 pair of boots (worn)
Jewellery
 i - a ring of protection from cold
 p - a ring of fire (right hand)
 u - a ring of willpower
 y - an amulet of faith
 A - a ring of magical power (left hand)
 D - a +6 ring of dexterity
Wands
 h - a wand of iceblast (9)
 C - a wand of polymorph (6)
Scrolls
 a - a scroll of fear {unknown}
 f - a scroll of torment {unknown}
 g - a scroll of magic mapping {unknown}
 j - 2 scrolls of enchant armour {unknown}
 l - 2 scrolls of immolation {unknown}
 n - 9 scrolls of identify {unknown}
 r - 4 scrolls of teleportation {unknown}
 t - 3 scrolls of amnesia {unknown}
 B - 2 scrolls of acquirement {unknown}
 N - a scroll of vulnerability {unknown}
Potions
 b - a potion of lignification {unknown}
 c - 3 potions of resistance {unknown}
 d - a potion of magic
 e - a potion of ambrosia {unknown}
 k - 2 potions of brilliance {unknown}
 q - a potion of might {unknown}
 s - a potion of berserk rage {unknown}
 v - 3 potions of curing
 x - a potion of mutation {unknown}
 z - a potion of haste {unknown}
 F - 2 potions of attraction {unknown}
 I - a potion of cancellation {unknown}


   Skills:
 + Level 3.1 Fighting
 - Level 3.0 Armour
 - Level 3.0 Dodging
 - Level 3.1 Stealth
 * Level 11.7 Spellcasting
 + Level 7.7 Conjurations
 - Level 1.1 Summonings
 - Level 1.1 Translocations
 + Level 5.5 Fire Magic
 - Level 1.1 Air Magic
 - Level 1.3 Earth Magic
 - Level 1.1 Poison Magic
 - Level 1.0 Evocations


You had 16 spell levels left.
You knew the following spells:

 Your Spells              Type           Power      Damage    Failure   Level
a - Magic Dart            Conj           100%       1d8       1%          1
b - Mephitic Cloud        Conj/Pois/Air  33%        N/A       4%          3
c - Call Imp              Summ           21%        N/A       4%          2
d - Blink                 Tloc           42%        N/A       4%          2
e - Conjure Flame         Conj/Fire      67%        6-21      1%          3
f - Foxfire               Conj/Fire      100%       2x1d9     1%          1
g - Stone Arrow           Conj/Erth      80%        3d12      2%          3

Your spell library contained the following spells:

 Spells                   Type           Power      Damage    Failure   Level
 Sandblast                Erth           46%        2d11      3%          1
 Poisonous Vapours        Pois/Air       42%        N/A       4%          2
 Slow                     Hex            60%        N/A       5%          1
 Corpse Rot               Necr/Air       36%        N/A       6%          2
 Passwall                 Tmut/Erth      15%        N/A       6%          2
 Ensorcelled Hibernation  Hex/Ice        30%        N/A       8%          2
 Spider Form              Tmut/Pois      18%        N/A       12%         3
 Anguish                  Hex/Necr       7%         N/A       45%         4


Dungeon Overview and Level Annotations

Branches:
Dungeon (8/15)             Temple (1/1) D:5
   Lair: D:8-11

Altars:
Ashenzari
Dithmenos
Elyvilon
Fedhas
Kikubaaqudgha
Makhleb
Nemelex Xobeh
Qazlal
Ru
Vehumet
Wu Jian
Yredelemnul

Shops:
D:5 *


Message History

Unknown command.
Casting: Foxfire (safe; 1% risk of failure)
Confirm with . or Enter, or press ? or * to list all spells.
You blink.
Unknown command.
Casting: Blink (safe; 4% risk of failure)
Confirm with . or Enter, or press ? or * to list all spells.
Aiming: Stone Arrow (dangerous; 2% risk of failure)
Press: ? - help, Shift-Dir - straight line, f - vampire mosquito
Aim: a vampire mosquito (60% to hit)
The stone arrow hits the vampire mosquito!!
You destroy the vampire mosquito!
Vehumet accepts your kill.
Unknown command.
Casting: Stone Arrow (dangerous; 2% risk of failure)
Confirm with . or Enter, or press ? or * to list all spells.
Aiming: Stone Arrow (dangerous; 2% risk of failure)
Press: ? - help, Shift-Dir - straight line, f - vampire mosquito
Aim: a vampire mosquito (60% to hit)
You miscast Stone Arrow.
You are very lightly contaminated with residual magic.
Nothing appears to happen.
The vampire mosquito bites you.
* * * LOW HITPOINT WARNING * * *
The vampire mosquito draws strength from your injuries!
Casting: Stone Arrow (dangerous; 2% risk of failure)
Confirm with . or Enter, or press ? or * to list all spells.
Aiming: Stone Arrow (dangerous; 2% risk of failure)
Press: ? - help, Shift-Dir - straight line, f/p - vampire mosquito
Aim: a vampire mosquito (60% to hit)
You miscast Stone Arrow.
Nothing appears to happen.
The vampire mosquito bites you.
* * * LOW HITPOINT WARNING * * *
The vampire mosquito draws strength from your injuries!
The vampire mosquito barely misses you. The vampire mosquito bites you.
* * * LOW HITPOINT WARNING * * *
The vampire mosquito draws strength from your injuries!
Unknown command.
The vampire mosquito attacks as you move away!
The vampire mosquito bites you!
You die...

###.###................#
##..###..###....###....#
........###.....###....#
##......###...........##
............##.......##
.....###..####..#.##..##
.....# #.......####....##
.....###.......#........#
.......#.##.....@.......##
#........#...##yy##......#
#...†)))......##†......###
##...)..)..#...........#
##...).)..#..........##
##..##..##.....>..###
##.#.........#....#
###........##....#
#......#......###


You could see 2 vampire mosquitoes.

Vanquished Creatures
  Pikel (D:6)
  Grinder (D:3)
  A wyvern (D:8)
  Eustachio (D:6)
  A vampire mosquito (D:7)
  A steam dragon (D:7)
  Edmund (D:6)
  A black bear (D:7)
  2 ice beasts
  An orc warrior (D:7)
  4 lemures (D:6)
  A phantom (D:5)
  Blork the orc (D:6)
  6 bullfrogs
  A scorpion (D:5)
  4 wights (D:7)
  A hound (D:5)
  Crazy Yiuf (D:5)
  4 orc priests
  A jelly (D:7)
  A gnoll shaman (D:7)
  Natasha (thrice) (D:3)
  3 iguanas
  6 orc wizards
  6 gnolls
  12 adders
  2 shadow imps (D:5)
  A white imp (D:5)
  2 ufetubi
  3 worms
  2 dart slugs
  18 orcs
  5 endoplasms
  4 giant cockroaches
  5 goblins
  6 hobgoblins
  4 jackals (D:1)
  5 quokkas (D:1)
  8 ball pythons
  6 bats
  3 frilled lizards
  5 kobolds
  12 rats
157 creatures vanquished.

Vanquished Creatures (collateral kills)
  A phantom (D:4)
  An ufetubus (D:5)
2 creatures vanquished.

Vanquished Creatures (others)
  111 foxfires
  A fungus (D:5)
  4 toadstools (D:1)
116 creatures vanquished.

Grand Total: 275 creatures vanquished

Notes
Turn   | Place    | Note
-------+----------+-------------------------------------------
     0 | D:1      | pokeman the Deep Elf Hedge Wizard began the quest for the
                  | Orb.
     0 | D:1      | Reached XP level 1. HP: 10/10 MP: 7/7
   302 | D:1      | Reached XP level 2. HP: 14/16 MP: 3/9
   746 | D:1      | Reached skill level 5 in Spellcasting
   886 | D:1      | Reached XP level 3. HP: 20/20 MP: 3/11
   890 | D:1      | Learned a level 3 spell: Mephitic Cloud
   893 | D:1      | Learned a level 2 spell: Call Imp
   896 | D:1      | Learned a level 2 spell: Blink
   900 | D:1      | Learned a level 3 spell: Conjure Flame
  1090 | D:1      | Noticed a golden eye
  1092 | D:1      | Found a faded altar of an unknown god.
  1127 | D:1      | Noticed a great orb of eyes
  1127 | D:1      | Noticed a great orb of eyes
  1127 | D:1      | Noticed a shining eye
  1355 | D:2      | Reached skill level 1 in Fighting
  1384 | D:2      | Reached skill level 1 in Armour
  1804 | D:2      | Reached XP level 4. HP: 25/25 MP: 0/13
  1929 | D:2      | Found a burning altar of Makhleb.
  2620 | D:3      | Reached skill level 1 in Fire Magic
  2750 | D:3      | Noticed Natasha
  2755 | D:3      | Killed Natasha
  2948 | D:3      | Noticed Natasha
  2954 | D:3      | Reached skill level 6 in Spellcasting
  2954 | D:3      | Reached XP level 5. HP: 27/29 MP: 6/15
  3055 | D:3      | Killed Natasha
  3182 | D:3      | Identified the +1 leather armour of Patience {rPois}
  3275 | D:3      | Noticed Grinder
  3286 | D:3      | Paralysed by Grinder for 2 turns
  3290 | D:3      | Paralysed by Grinder for 5 turns
  3519 | D:3      | Noticed Natasha
  3538 | D:3      | Killed Natasha
  3539 | D:3      | Reached skill level 1 in Air Magic
  3676 | D:3      | Paralysed by Grinder for 3 turns
  3691 | D:3      | Killed Grinder
  3692 | D:3      | Reached skill level 5 in Conjurations
  3692 | D:3      | Reached XP level 6. HP: 23/34 MP: 0/17
  4266 | D:4      | Identified the +1 ring mail "Qikun" {rF+++ Will-}
  4710 | D:4      | Reached skill level 1 in Poison Magic
  4710 | D:4      | Reached XP level 7. HP: 31/38 MP: 17/19
  5043 | D:5      | Entered Level 5 of the Dungeon
  5159 | D:5      | Reached skill level 7 in Spellcasting
  5519 | D:5      | Reached skill level 1 in Evocations
  5915 | D:5      | Found Momukune's Assorted Antiques.
  5923 | D:5      | Bought a runed helmet for 202 gold pieces
  5968 | D:5      | Found a staircase to the Ecumenical Temple.
  5976 | Temple   | Entered the Ecumenical Temple
  6078 | Temple   | Became a worshipper of Vehumet
  6635 | D:5      | Found a runed translucent door.
  6636 | D:5      | Noticed Crazy Yiuf
  6646 | D:5      | Killed Crazy Yiuf
  6956 | D:6      | Reached skill level 8 in Spellcasting
  7133 | D:6      | Reached XP level 8. HP: 44/44 MP: 22/22
  7137 | D:6      | Noticed Pikel
  7180 | D:6      | Killed Pikel
  7181 | D:6      | Reached skill level 9 in Spellcasting
  7295 | D:6      | Learned a level 3 spell: Stone Arrow
  7356 | D:6      | Noticed Blork the orc
  7362 | D:6      | Killed Blork the orc
  7622 | D:6      | Noticed Eustachio
  7631 | D:6      | Killed Eustachio
  7632 | D:6      | Reached skill level 1 in Earth Magic
  7676 | D:6      | Identified the +1 leather armour "Rimeinge" {rElec}
  7782 | D:6      | Noticed Edmund
  7793 | D:6      | Killed Edmund
  7794 | D:6      | Reached skill level 10 in Spellcasting
  7916 | D:7      | Reached XP level 9. HP: 39/48 MP: 25/25
  8144 | D:7      | Reached * piety under Vehumet
  8144 | D:7      | Offered knowledge of Foxfire by Vehumet.
  8152 | D:7      | Learned a level 1 spell: Foxfire
  8718 | D:7      | Reached skill level 11 in Spellcasting
  8732 | D:7      | Reached skill level 5 in Fire Magic
  8946 | D:8      | Noticed a two-headed ogre
  8969 | D:7      | Slain by a vampire mosquito

Illustrated notes

Levels and vault maps discovered:
D:1:      ldierk_water_garden, layout_rooms,
          hellmonk_ecumenical_altar_watching_god
D:2:      layout_basic, basic_altar
D:3:      layout_loops_ring, kennysheep_crisscross, minmay_cupped, uniq_natasha,
          uniq_grinder
D:4:      layout_gridville, minmay_between
D:5:      layout_loops_ring, minmay_temple_entry_tees, serial_shops,
          nicolae_stop_n_shop_2, corexii_hall_statues_l,
          minmay_misc_feat_more_columns, minivault_5, uniq_crazy_yiuf_cottage
D:6:      layout_basic, uniq_eustachio, uniq_pikel, uniq_edmund,
          uniq_blork_the_orc
D:7:      layout_cave_pools
D:8:      layout_cave_pools, mainiacjoe_overflow_catwalk
Temple:   mainiacjoe_temple_archimedes_tessellation

Skill      XL: |  1  2  3  4  5  6  7  8  9 |
---------------+----------------------------+-----
Spellcasting   | 5 6 8 10 11 | 11.7
Fighting       | 1 2 3 |  3.1
Armour         | 1 2 3 |  3.0
Conjurations   | 2 5 6 7 |  7.7
Fire Magic     | 1 2 4 5 |  5.5
Dodging        | 3 |  3.0
Air Magic      | 1 |  1.1
Stealth        | 3 |  3.1
Poison Magic   | 1 |  1.1
Evocations     | 1 |  1.0
Earth Magic    | 1 |  1.3
Summonings     | |  1.1
Translocations | |  1.1

Action                   |  1- 3 |  4- 6 |  7- 9 || total
-------------------------+-------+-------+-------++-------
Melee: Dagger            |    17 |       |     8 ||    25
       Punch             |     1 |       |     1 ||     2
       Short sword       |     3 |    22 |    54 ||    79
 Cast: Magic Dart        |   103 |   136 |    86 ||   325
       Call Imp          |       |     3 |     2 ||     5
       Conjure Flame     |       |     3 |    12 ||    15
       Mephitic Cloud    |       |     1 |    23 ||    24
       Blink             |       |     1 |     5 ||     6
       Stone Arrow       |       |       |    13 ||    13
       Foxfire           |       |       |    60 ||    60
 Stab: Sleeping          |       |     4 |     1 ||     5
       Confused          |       |       |     4 ||     4
Armor: Robe              |     5 |       |       ||     5
       Leather armour    |       |    13 |    32 ||    45
Dodge: Dodged            |    23 |    29 |    66 ||   118

Table legend: (Time is in decaauts)
 A = Elapsed time spent in this place.
 B = Non-inter-level travel time spent in this place.
 C = Inter-level travel time spent in this place.
 D = Time resting spent in this place.
 E = Time spent auto-exploring this place.
 F = Levels seen in this place.
 G = Mean time per level.
                   A        B        C        D        E       F      G
               +--------+--------+--------+--------+--------+-----+--------+
         Total |   8983 |   8662 |    321 |    397 |   6990 |   9 |  998.1 |
       Dungeon |   8804 |   8558 |    246 |    397 |   6900 |   8 | 1100.5 |
        Temple |    178 |    103 |     75 |      0 |     90 |   1 |  178.0 |
               +--------+--------+--------+--------+--------+-----+--------+

Top non-repeatable levels by time:
     D:2: 1542 daAuts
     D:5: 1500 daAuts
     D:3: 1382 daAuts
     D:6: 1301 daAuts
     D:1: 1163 daAuts
     D:4: 964 daAuts
     D:7: 830 daAuts
  Temple: 178 daAuts
     D:8: 118 daAuts
